AoeStats
← 京城猛1简隋英

Highland

506394551Analyzed
4v4 RM · 19d ago on Sep 13, 2026· 56m 46s· 8 players
Game mode
Random Map
Map size
Large (8 player)
Population
200
Speed
Normal
Resources
Standard
Victory
Conquest
Starting age
Dark Age
Ending age
Imperial Age
RankedLock teamsTeams togetherTeam positionsShared explorationLock speedFull tech treeHidden civsTurbo modeCheats
Victory
Defeat
🇨🇳 Persians · China
1045
+13
🇨🇳 Spanish · China
979
+15
🇨🇳 Chinese · China
968
+16
🇨🇳 Goths · China
954
+30
🇸🇰 Bengalis · Slovakia
1004
-17
🇩🇪 Gurjaras · Germany
971
-15
🇳🇴 Lithuanians · Norway
960
-15
🇳🇴 Turks · Norway
922
-13
Hakdonis
1:27 Loom
11:01 Feudal Age
14:31 Horse Collar
17:07 Castle Age
15:28 Double-Bit Axe
16:32 Gold Mining
16:56 Bloodlines
17:57 Husbandry
22:13 Wheelbarrow
23:01 Bow Saw
23:47 Kshatriyas
24:34 Heavy Plow
29:31 Imperial Age
27:59 Scale Barding Armor
28:05 Forging
28:36 Caravan
30:11 Gold Shaft Mining
29:39 Heavy Camel Rider
30:53 Chain Barding Armor
31:48 Town Watch
32:39 Plate Barding Armor
32:50 Crop Rotation
32:28 Stone Mining
33:49 Iron Casting
33:19 Elite Shrivamsha Rider
36:22 Frontier Guards
36:23 Town Patrol
38:20 Conscription
41:05 Hand Cart
41:07 Demolition Ship
43:48 Demolition Ship
juleskum
5:10 Loom
11:44 Feudal Age
12:13 Double-Bit Axe
16:56 Castle Age
22:41 Husbandry
24:31 Bloodlines
26:07 Forging
25:47 Horse Collar
27:48 Scale Barding Armor
29:56 Iron Casting
30:47 Bow Saw
31:35 Wheelbarrow
33:00 Hand Cart
33:02 Stone Mining
33:03 Gold Mining
33:43 Chain Barding Armor
33:33 Town Watch
33:14 Elite Skirmisher
33:58 Squires
34:01 Fletching
34:54 Thumb Ring
39:03 Imperial Age
37:33 Heavy Plow
38:51 Bodkin Arrow
39:07 Padded Archer Armor
39:39 Ballistics
40:08 Tower Shields
40:21 Hill Forts
40:21 Cavalier
42:17 Bracer
42:32 Leather Archer Armor
43:42 Two-Man Saw
43:13 Crop Rotation
44:20 Pikeman
44:47 Arson
45:49 Conscription
44:56 Elite Leitis
46:42 Chemistry
45:27 Treadmill Crane
45:23 Halberdier
46:34 Caravan
47:48 Hoardings
47:33 Paladin
50:13 Ring Archer Armor
51:25 Plate Barding Armor
52:46 Scale Mail Armor
DontFuckleWithShuckle
12:36 Feudal Age
12:14 Loom
15:15 Double-Bit Axe
15:26 Gold Mining
16:47 Horse Collar
19:17 Wheelbarrow
21:33 Castle Age
20:53 Padded Archer Armor
21:01 Padded Archer Armor
21:28 Stone Mining
22:59 Hand Cart
24:08 Bow Saw
24:35 Gold Shaft Mining
24:10 Heavy Plow
29:03 Sipahi
30:45 Caravan
31:40 Scale Barding Armor
35:54 Imperial Age
36:34 Bloodlines
36:25 Husbandry
37:20 Guilds
37:27 Elite Janissary
38:30 Conscription
37:30 Elite Janissary
40:49 Chain Barding Armor
40:41 Forging
41:46 Ballistics
41:51 Bombard Tower
41:44 Masonry
43:20 Hoardings
48:37 Iron Casting
48:38 Plate Barding Armor
49:27 Heavy Camel Rider
53:11 Blast Furnace
52:28 Leather Archer Armor
Adamer64
3:51 Loom
10:47 Feudal Age
18:36 Castle Age
16:32 Double-Bit Axe
18:27 Gold Mining
19:17 Stone Mining
20:10 Bow Saw
19:59 Fletching
22:11 Wheelbarrow
22:58 Horse Collar
24:13 Bodkin Arrow
25:45 Gold Shaft Mining
26:10 Hand Cart
28:56 Heavy Plow
31:51 Imperial Age
30:00 Padded Archer Armor
30:06 Scale Barding Armor
30:14 Forging
31:22 Bloodlines
31:14 Husbandry
31:46 Chain Barding Armor
32:10 Town Watch
33:11 Conscription
34:36 Plate Barding Armor
34:27 Ballistics
35:08 Chemistry
35:14 Medium Warships
36:19 Paiks
37:37 Two-Man Saw
38:50 Heavy Warships
38:53 Bracer
39:29 Iron Casting
40:01 Mahayana
40:07 Treadmill Crane
41:57 Elite Elephant Archer
43:50 Caravan
44:27 Crop Rotation
47:34 Blast Furnace
48:02 Light Cavalry
48:16 Elite Skirmisher
49:20 Masonry
49:54 Leather Archer Armor
51:07 Ring Archer Armor
50:40 Scale Mail Armor
50:43 Pikeman
51:23 Squires
10m的插线板
11:09 Feudal Age
15:27 Castle Age
15:11 Double-Bit Axe
17:51 Horse Collar
18:32 Bow Saw
24:42 Heavy Plow
32:16 Imperial Age
29:52 Husbandry
31:15 Forging
31:07 Scale Mail Armor
31:49 Scale Barding Armor
31:51 Padded Archer Armor
32:40 Gold Mining
32:41 Stone Mining
33:54 Bloodlines
33:04 Light Cavalry
35:14 Conscription
35:18 Cavalier
37:31 Medium Warships
37:24 Loom
38:47 Heavy Warships
39:12 Stone Shaft Mining
38:49 Elite Conquistador
40:13 Hoardings
41:43 Paladin
47:47 Hussar
48:54 Chain Barding Armor
49:10 Iron Casting
49:59 Chemistry
49:10 Fortified Wall
50:30 Wheelbarrow
52:07 Leather Archer Armor
52:53 Blast Furnace
52:28 Plate Barding Armor
52:30 Coinage
好久不见丶
11:36 Feudal Age
15:47 Castle Age
14:24 Double-Bit Axe
15:46 Horse Collar
19:15 Bow Saw
20:07 Heavy Plow
25:42 Wheelbarrow
25:18 Padded Archer Armor
25:09 Fletching
30:20 Imperial Age
29:49 Leather Archer Armor
29:30 Bodkin Arrow
30:19 Hand Cart
35:10 Two-Man Saw
33:36 Elite Chu Ko Nu
34:39 Caravan
35:46 Ring Archer Armor
36:33 Bracer
37:32 Coinage
38:49 Thumb Ring
38:10 Elite Skirmisher
40:51 Rocketry
42:36 Chemistry
42:02 Ballistics
45:18 Banking
京城猛1简隋英
10:22 Loom
12:51 Feudal Age
11:07 Loom
14:36 Horse Collar
18:58 Castle Age
18:29 Gold Mining
18:56 Double-Bit Axe
22:29 Heavy Plow
24:34 Caravan
29:29 Anarchy
32:51 Imperial Age
33:25 Bow Saw
32:54 Pikeman
34:14 Elite Huskarl
34:55 Perfusion
34:21 Pikeman
35:44 Scale Mail Armor
35:55 Forging
35:50 Squires
36:59 Crop Rotation
37:06 Halberdier
38:59 Iron Casting
38:40 Chain Mail Armor
41:19 Blast Furnace
麦芽
10:44 Feudal Age
11:10 Double-Bit Axe
15:11 Horse Collar
17:12 Fishing Lines
23:00 Castle Age
22:48 Gold Mining
23:43 Gillnets
24:56 Wheelbarrow
24:38 Bow Saw
27:34 Imperial Age
27:30 Heavy Plow
28:55 Hand Cart
31:02 Two-Man Saw
32:26 Stone Mining
33:13 Gold Shaft Mining
35:04 Crop Rotation
36:54 Elite War Elephant
38:53 Scale Barding Armor
38:58 Forging
40:25 Chain Barding Armor
41:00 Conscription
41:58 Iron Casting
42:00 Plate Barding Armor
42:35 Husbandry
42:45 Bloodlines
46:20 Blast Furnace
51:03 Capped Ram
Connection lost

Rejoining the realm…

Still unreachable

The connection could not be restored.

Session expired

The server has moved on; the page needs a fresh start.